| TOP OF THE 1ST |
|
Tidewater Tides batting - Pitching for Syracuse Chiefs : RHP Bart Johnson
|
|
Pitching: RHP Bart Johnson
|
|
|
Batting: RHB Juan Garcia
|
0-0: Called Strike 0-1: Called Strike 0-2: Strikes out swinging
|
|
Batting: RHB German Rivera
|
0-0: Foul Ball, location: 2F 0-1: Swinging Strike 0-2: Foul Ball, location: 2F 0-2: Ball 1-2: Strikes out swinging
|
|
Batting: RHB Brad Komminsk
|
0-0: Fly out, F9 (Flyball, 9, EV 88.8 MPH)
|
| Top of the 1st over - 0 runs, 0 hits, 0 errors, 0 left on base; Tidewater 0 - Syracuse 0 |
| BOTTOM OF THE 1ST |
|
Syracuse Chiefs batting - Pitching for Tidewater Tides : RHP Bill Long
|
|
Pitching: RHP Bill Long
|
|
|
Batting: LHB Darryl Strawberry
|
0-0: Ball 1-0: Swinging Strike 1-1: Bunted foul 1-2: Ground out U3 (Groundball, 3, EV 108.1 MPH)
|
|
Batting: RHB Phil Garner
|
0-0: Ground out U3 (Groundball, 3, EV 82.5 MPH)
|
|
Batting: RHB Dave Meier
|
0-0: Ball 1-0: DOUBLE (Flyball, 78XD, EV 98.1 MPH)
|
|
Batting: RHB Jim G Wilson
|
0-0: Ball 1-0: Ball 2-0: Foul Ball, location: 2F 2-1: SINGLE (Groundball, 56D, EV 96.3 MPH) Dave Meier to third Runner from 3rd tries for Home, SAFE, throw by LF to home
|
|
Batting: LHB Wayne Gross
|
0-0: Called Strike 0-1: Ball 1-1: SINGLE (Groundball, 56D, EV 99.4 MPH) Jim G Wilson to second
|
|
Batting: RHB Bobby Grich
|
0-0: Ball 1-0: Ball Passed Ball! Jim G Wilson to third Wayne Gross to second 2-0: Foul Ball, location: 2F 2-1: Called Strike 2-2: Foul Ball, location: 2F 2-2: Fly out, F7 (Flyball, 7LS, EV 84.4 MPH)
|
| Bottom of the 1st over - 1 run, 3 hits, 0 errors, 2 left on base; Tidewater 0 - Syracuse 1 |
| TOP OF THE 2ND |
|
Tidewater Tides batting - Pitching for Syracuse Chiefs : RHP Bart Johnson
|
|
Batting: LHB Dave Kable
|
0-0: Called Strike 0-1: Ball 1-1: Swinging Strike 1-2: Ground out 4-3 (Groundball, 4MS, EV 75.0 MPH)
|
|
Batting: RHB Mike Rex
|
0-0: Foul Ball, location: 2F 0-1: Swinging Strike 0-2: Ball 1-2: Fly out, F9 (Flyball, 9LM, EV 95.0 MPH)
|
|
Batting: RHB George Gomez
|
0-0: Ball 1-0: Ball 2-0: Called Strike 2-1: Ball 3-1: Foul Ball, location: 2F 3-2: Fly out, F7 (Flyball, 78S, EV 88.8 MPH)
|
| Top of the 2nd over - 0 runs, 0 hits, 0 errors, 0 left on base; Tidewater 0 - Syracuse 1 |
| BOTTOM OF THE 2ND |
|
Syracuse Chiefs batting - Pitching for Tidewater Tides : RHP Bill Long
|
|
Batting: RHB LaRue Washington
|
0-0: Ball 1-0: Foul Ball, location: 2F 1-1: Foul Ball, location: 2F 1-2: Fly out, F8 (Flyball, 8LS, EV 95.6 MPH)
|
|
Batting: LHB Danny Goodwin
|
0-0: Called Strike 0-1: Swinging Strike 0-2: Fly out, F8 (Flyball, 8LD, EV 97.5 MPH)
|
|
Batting: LHB Jon Jimenez
|
0-0: Ball 1-0: Foul Ball, location: 2F 1-1: Foul Ball, location: 2F 1-2: Ground out 4-3 (Groundball, 4, EV 76.9 MPH)
|
| Bottom of the 2nd over - 0 runs, 0 hits, 0 errors, 0 left on base; Tidewater 0 - Syracuse 1 |
| TOP OF THE 3RD |
|
Tidewater Tides batting - Pitching for Syracuse Chiefs : RHP Bart Johnson
|
|
Batting: RHB Thomas Walker
|
0-0: Called Strike 0-1: DOUBLE (Line Drive, 9LD, EV 103.8 MPH)
|
|
Batting: RHB Wayne Wilkerson
|
0-0: Foul Ball, location: 2F 0-1: Ground out 1-3 (Groundball, 15S, EV 62.5 MPH)
|
|
Batting: RHB Steve Liddle
|
0-0: Foul Ball, location: 2F 0-1: Foul Ball, location: 2F 0-2: Strikes out swinging
|
|
Batting: RHB Juan Garcia
|
0-0: Called Strike 0-1: Ground out 4-3 (Groundball, 4M, EV 88.8 MPH)
|
| Top of the 3rd over - 0 runs, 1 hit, 0 errors, 1 left on base; Tidewater 0 - Syracuse 1 |
| BOTTOM OF THE 3RD |
|
Syracuse Chiefs batting - Pitching for Tidewater Tides : RHP Bill Long
|
|
Batting: LHB Darryl Strawberry
|
0-0: Foul Ball, location: 2F 0-1: Ball 1-1: Fly out, F9 (Flyball, 9LM, EV 96.3 MPH)
|
|
Batting: RHB Phil Garner
|
0-0: Ball 1-0: Called Strike 1-1: Ball 2-1: Foul Ball, location: 2F 2-2: Foul Ball, location: 2F 2-2: Fly out, F7 (Flyball, 78D, EV 96.3 MPH)
|
|
Batting: RHB Dave Meier
|
0-0: Ball 1-0: Swinging Strike 1-1: Ball 2-1: Foul Ball, location: 2F 2-2: Ball 3-2: Strikes out swinging
|
| Bottom of the 3rd over - 0 runs, 0 hits, 0 errors, 0 left on base; Tidewater 0 - Syracuse 1 |
| TOP OF THE 4TH |
|
Tidewater Tides batting - Pitching for Syracuse Chiefs : RHP Bart Johnson
|
|
Batting: RHB German Rivera
|
0-0: Ball 1-0: Ball 2-0: Ball 3-0: Called Strike 3-1: Foul Ball, location: 2F 3-2: Foul Ball, location: 2F 3-2: Foul Ball, location: 2F 3-2: Fly out, F1 (Popup, 13, EV 81.9 MPH)
|
|
Batting: RHB Brad Komminsk
|
0-0: Ground out 5-3 (Groundball, 5, EV 86.9 MPH)
|
|
Batting: LHB Dave Kable
|
0-0: Foul Ball, location: 2F 0-1: Ball 1-1: Ball 2-1: Fly out, F9 (Flyball, 89D, EV 86.3 MPH)
|
| Top of the 4th over - 0 runs, 0 hits, 0 errors, 0 left on base; Tidewater 0 - Syracuse 1 |
| BOTTOM OF THE 4TH |
|
Syracuse Chiefs batting - Pitching for Tidewater Tides : RHP Bill Long
|
|
Batting: RHB Jim G Wilson
|
0-0: Fly out, F9 (Line Drive, 9D, EV 88.8 MPH)
|
|
Batting: LHB Wayne Gross
|
0-0: Ball 1-0: Ball 2-0: Called Strike 2-1: SOLO HOME RUN (Flyball, 9LD, EV 105.6 MPH), Distance : 369 ft
|
|
Batting: RHB Bobby Grich
|
0-0: Called Strike 0-1: Ball 1-1: Called Strike 1-2: Ball 2-2: Ground out 5-3 (Groundball, 56, EV 105.0 MPH)
|
|
Batting: RHB LaRue Washington
|
0-0: Fly out, F7 (Flyball, 78S, EV 80.0 MPH)
|
| Bottom of the 4th over - 1 run, 1 hit, 0 errors, 0 left on base; Tidewater 0 - Syracuse 2 |
| TOP OF THE 5TH |
|
Tidewater Tides batting - Pitching for Syracuse Chiefs : RHP Bart Johnson
|
|
Batting: RHB Mike Rex
|
0-0: Ball 1-0: Foul Ball, location: 2F 1-1: Ball 2-1: Foul Ball, location: 2F 2-2: Ground out 5-3 (Groundball, 5, EV 87.5 MPH)
|
|
Batting: RHB George Gomez
|
0-0: Ball 1-0: Ground out 4-3 (Groundball, 4, EV 88.8 MPH)
|
|
Batting: RHB Thomas Walker
|
0-0: Ball 1-0: Called Strike 1-1: Ball 2-1: Foul Ball, location: 2F 2-2: Fly out, F8 (Flyball, 8RS, EV 91.3 MPH)
|
| Top of the 5th over - 0 runs, 0 hits, 0 errors, 0 left on base; Tidewater 0 - Syracuse 2 |
| BOTTOM OF THE 5TH |
|
Syracuse Chiefs batting - Pitching for Tidewater Tides : RHP Bill Long
|
|
Batting: LHB Danny Goodwin
|
0-0: Foul Ball, location: 2F 0-1: Foul Ball, location: 2F 0-2: Ball 1-2: Ground out U3 (Groundball, 3, EV 80.6 MPH)
|
|
Batting: LHB Jon Jimenez
|
0-0: Called Strike 0-1: Called Strike 0-2: Ball 1-2: Fly out, F8 (Flyball, 78D, EV 98.8 MPH)
|
|
Batting: LHB Darryl Strawberry
|
0-0: Ball 1-0: Ball 2-0: Called Strike 2-1: Ball 3-1: Base on Balls
|
|
Batting: RHB Phil Garner
|
0-0: Ball 1-0: Fly out, F8 (Line Drive, 8RM, EV 87.5 MPH)
|
| Bottom of the 5th over - 0 runs, 0 hits, 0 errors, 1 left on base; Tidewater 0 - Syracuse 2 |
| TOP OF THE 6TH |
|
Tidewater Tides batting - Pitching for Syracuse Chiefs : RHP Bart Johnson
|
|
Batting: RHB Wayne Wilkerson
|
0-0: Swinging Strike 0-1: Foul Ball, location: 2F 0-2: DOUBLE (Line Drive, 78D, EV 109.4 MPH)
|
|
Batting: RHB Steve Liddle
|
0-0: Called Strike 0-1: Called Strike 0-2: Strikes out looking
|
|
Batting: RHB Juan Garcia
|
0-0: Fly out, F9 (Flyball, 9, EV 83.8 MPH)
|
|
Batting: RHB German Rivera
|
0-0: Ball 1-0: Ball 2-0: Called Strike 2-1: Ball 3-1: Called Strike 3-2: Foul Ball, location: 2F 3-2: Ground out 4-3 (Groundball, 4, EV 93.1 MPH)
|
| Top of the 6th over - 0 runs, 1 hit, 0 errors, 1 left on base; Tidewater 0 - Syracuse 2 |
| BOTTOM OF THE 6TH |
|
Syracuse Chiefs batting - Pitching for Tidewater Tides : RHP Bill Long
|
|
Batting: RHB Dave Meier
|
0-0: Ball 1-0: Foul Ball, location: 2F 1-1: Fly out, F4 (Popup, 34S, EV 73.1 MPH)
|
|
Batting: RHB Jim G Wilson
|
0-0: Ball 1-0: Foul Ball, location: 2F 1-1: SINGLE (Line Drive, 7S, EV 103.8 MPH)
|
|
Batting: LHB Wayne Gross
|
0-0: SINGLE (Groundball, 3D, EV 94.4 MPH) Jim G Wilson to second Runner from 2nd tries for 3rd, SAFE, no throw by RF
|
|
Batting: RHB Bobby Grich
|
0-0: Ball 1-0: Foul Ball, location: 2F 1-1: Foul Ball, location: 2F 1-2: Ball 2-2: Foul Ball, location: 2F 2-2: Ball 3-2: DOUBLE (Line Drive, 7LM, EV 102.5 MPH) Jim G Wilson scores Wayne Gross to third Runner from 3rd tries for Home, SAFE, no throw by LF
|
|
Batting: RHB LaRue Washington
|
0-0: Called Strike 0-1: Called Strike 0-2: Strikes out looking
|
|
Batting: LHB Danny Goodwin
|
0-0: Ball 1-0: Fly out, F8 (Line Drive, 8LD, EV 102.5 MPH)
|
| Bottom of the 6th over - 2 runs, 3 hits, 0 errors, 1 left on base; Tidewater 0 - Syracuse 4 |
| TOP OF THE 7TH |
|
Tidewater Tides batting - Pitching for Syracuse Chiefs : RHP Bart Johnson
|
|
Batting: RHB Brad Komminsk
|
0-0: Swinging Strike 0-1: Ground out 2-3 (Groundball, 2L, EV 66.9 MPH)
|
|
Batting: LHB Dave Kable
|
0-0: Called Strike 0-1: Swinging Strike 0-2: Ground out 5-3 (Groundball, 56, EV 81.3 MPH)
|
|
Batting: RHB Mike Rex
|
0-0: Called Strike 0-1: Foul Ball, location: 2F 0-2: Ball 1-2: SINGLE (Groundball, 34S, EV 87.5 MPH) (infield hit)
|
|
Batting: RHB George Gomez
|
0-0: Ball 1-0: Called Strike 1-1: Fly out, F9 (Flyball, 9, EV 90.6 MPH)
|
| Top of the 7th over - 0 runs, 1 hit, 0 errors, 1 left on base; Tidewater 0 - Syracuse 4 |
| BOTTOM OF THE 7TH |
|
Syracuse Chiefs batting - Pitching for Tidewater Tides : RHP Bill Long
|
|
Batting: LHB Jon Jimenez
|
0-0: Fly out, F8 (Line Drive, 8LD, EV 103.8 MPH)
|
|
Batting: LHB Darryl Strawberry
|
0-0: Ball 1-0: Called Strike 1-1: Ground out U3 (Groundball, 34S, EV 82.5 MPH)
|
|
Batting: RHB Phil Garner
|
0-0: Ball 1-0: Called Strike 1-1: Foul Ball, location: 2F 1-2: Ground out 6-3 (Groundball, 56, EV 87.5 MPH)
|
| Bottom of the 7th over - 0 runs, 0 hits, 0 errors, 0 left on base; Tidewater 0 - Syracuse 4 |
| TOP OF THE 8TH |
|
Tidewater Tides batting - Pitching for Syracuse Chiefs : RHP Bart Johnson
|
|
Batting: RHB Thomas Walker
|
0-0: Ground out 4-3 (Groundball, 4, EV 83.1 MPH)
|
|
Batting: RHB Wayne Wilkerson
|
0-0: Called Strike 0-1: Ball 1-1: Foul Ball, location: 2F 1-2: Ball 2-2: Foul Ball, location: 2F 2-2: Strikes out looking
|
|
Batting: RHB Steve Liddle
|
0-0: Ball 1-0: Ball 2-0: SINGLE (Line Drive, 6MD, EV 96.9 MPH)
|
|
Batting: RHB Juan Garcia
|
0-0: Ball 1-0: Swinging Strike 1-1: Ball 2-1: Foul Ball, location: 2F 2-2: Ball 3-2: Foul Ball, location: 2F 3-2: Base on Balls Steve Liddle to second
|
|
Batting: RHB German Rivera
|
0-0: Called Strike 0-1: Ball 1-1: Ball 2-1: Ball 3-1: Ground out 5-3 (Groundball, 56S, EV 89.4 MPH)
|
| Top of the 8th over - 0 runs, 1 hit, 0 errors, 2 left on base; Tidewater 0 - Syracuse 4 |
| BOTTOM OF THE 8TH |
|
Syracuse Chiefs batting - Pitching for Tidewater Tides : RHP Bill Long
|
|
Batting: RHB Dave Meier
|
0-0: Ball 1-0: Foul Ball, location: 2F 1-1: Fly out, F9 (Line Drive, 9, EV 105.6 MPH)
|
|
Batting: RHB Jim G Wilson
|
0-0: Called Strike 0-1: Ball 1-1: Fly out, F9 (Flyball, 89S, EV 95.6 MPH)
|
|
Batting: LHB Wayne Gross
|
0-0: Ball 1-0: Ball 2-0: Fly out, F5 (Line Drive, 5, EV 76.3 MPH)
|
| Bottom of the 8th over - 0 runs, 0 hits, 0 errors, 0 left on base; Tidewater 0 - Syracuse 4 |
| TOP OF THE 9TH |
|
Tidewater Tides batting - Pitching for Syracuse Chiefs : RHP Bart Johnson
|
|
Batting: RHB Brad Komminsk
|
0-0: Ball 1-0: Called Strike 1-1: DOUBLE (Line Drive, 89XD, EV 97.5 MPH)
|
|
Batting: LHB Dave Kable
|
0-0: Called Strike 0-1: Ball 1-1: Called Strike 1-2: Ball 2-2: Strikes out looking
|
|
Batting: RHB Mike Rex
|
0-0: Called Strike 0-1: Ball 1-1: Fly out, F6 (Popup, 6M, EV 73.1 MPH)
|
|
Pitching: LHP Jimmy Key
|
|
|
Batting: RHB George Gomez
|
0-0: Ball 1-0: Foul Ball, location: 2F 1-1: Ball 2-1: Ball 3-1: Reached on error, E6 (Groundball, 6, EV 99.4 MPH) Brad Komminsk to third
|
|
Batting: RHB Thomas Walker
|
0-0: Ball 1-0: Ball 2-0: Foul Ball, location: 2F 2-1: Swinging Strike 2-2: Foul Ball, location: 2F 2-2: Ball 3-2: Strikes out swinging
|
| Top of the 9th over - 0 runs, 1 hit, 1 error, 2 left on base; Tidewater 0 - Syracuse 4 |
|